AoeStats
← Pirry

Arabia

507768837Analyzed
1v1 RM · 14d ago on Sep 19, 2026· 32m 6s· 2 players
Game mode
Random Map
Map size
Tiny (2 player)
Population
200
Speed
Normal
Resources
Standard
Victory
Conquest
Starting age
Dark Age
Ending age
Imperial Age
RankedLock teamsTeams togetherTeam positionsShared explorationLock speedFull tech treeHidden civsTurbo modeCheats
Victory
Defeat
🇨🇱 Magyars · Chile
345
+17
🇨🇴 Vikings · Colombia
356
-17
Gerundio
3:43 Loom
12:16 Feudal Age
13:40 Wheelbarrow
12:55 Town Watch
13:25 Double-Bit Axe
13:23 Horse Collar
23:23 Castle Age
22:24 Bloodlines
23:53 Scale Barding Armor
24:13 Gold Mining
24:27 Heavy Plow
24:52 Bow Saw
26:40 Hand Cart
26:41 Padded Archer Armor
26:32 Fletching
28:04 Leather Archer Armor
28:12 Chain Barding Armor
27:50 Bodkin Arrow
32:07 Thumb Ring
32:21 Husbandry
31:42 Light Cavalry
Pirry
13:04 Feudal Age
14:32 Double-Bit Axe
17:53 Forging
18:10 Horse Collar
23:55 Castle Age
23:11 Scale Mail Armor
22:37 Man-at-Arms
24:23 Pikeman
24:35 Elite Skirmisher
26:22 Bow Saw
26:13 Gold Mining
26:13 Stone Mining
27:12 Iron Casting
27:58 Town Watch
29:39 Chain Mail Armor
Connection lost

Rejoining the realm…

Still unreachable

The connection could not be restored.

Session expired

The server has moved on; the page needs a fresh start.